AoeStats
← 小桦

Arena

509544208Analyzed
4v4 RM · 5d ago on Sep 27, 2026· 59m 19s· 8 players
Game mode
Random Map
Map size
Large (8 player)
Population
200
Speed
Normal
Resources
Standard
Victory
Conquest
Starting age
Dark Age
Ending age
Imperial Age
RankedLock teamsTeams togetherTeam positionsShared explorationLock speedFull tech treeHidden civsTurbo modeCheats
Victory
Defeat
🇨🇳 Varangians · China
1460
+7
🇦🇷 Mongols · Argentina
1258
+14
🇨🇳 Danes · China
1232
+17
1218
+15
🇷🇺 Danes · Russia
1235
-13
🇲🇽 Spanish · Mexico
1232
-13
🇲🇽 Turks · Mexico
1222
-13
🇲🇽 Franks · Mexico
1192
-12
Komodo3000
9:54 Feudal Age
11:20 Loom
11:22 Loom
11:27 Double-Bit Axe
14:11 Castle Age
21:12 Wheelbarrow
21:37 Scale Barding Armor
21:59 Town Watch
22:27 Forging
29:01 Imperial Age
27:05 Chain Barding Armor
29:11 Iron Casting
29:10 Cavalier
30:28 Plate Barding Armor
30:59 Hand Cart
30:36 Stone Mining
30:36 Gold Mining
32:32 Blast Furnace
31:35 Husbandry
33:12 Gold Shaft Mining
34:39 Town Patrol
34:32 Fletching
34:54 Bow Saw
35:03 Masonry
34:58 Paladin
37:37 Conscription
37:24 Chivalry
38:45 Bodkin Arrow
38:50 Padded Archer Armor
40:28 Leather Archer Armor
40:35 Ballistics
41:15 Chemistry
40:30 Elite Skirmisher
41:09 Ordonnance Companies
42:33 Elite Skirmisher
43:24 Scale Mail Armor
46:46 Chain Mail Armor
47:32 Squires
47:23 Pikeman
49:10 Halberdier
52:00 Architecture
54:43 Elite Throwing Axeman
55:19 Light Cavalry
Ged Opi
10:18 Feudal Age
11:01 Double-Bit Axe
14:50 Castle Age
14:14 Gold Mining
14:53 Horse Collar
15:35 Forging
15:22 Loom
16:45 Scale Mail Armor
18:11 Squires
17:58 Gambesons
23:07 Arson
24:20 Chain Mail Armor
25:39 Wheelbarrow
28:00 Bow Saw
31:00 Imperial Age
29:20 Hand Cart
29:33 Gold Mining
30:23 Iron Casting
29:40 Pikeman
30:34 Heavy Plow
30:29 Stone Mining
31:16 Gold Shaft Mining
31:45 Capped Ram
33:50 Blast Furnace
35:12 Plate Mail Armor
36:02 Fletching
39:07 Stone Shaft Mining
38:16 Hamask
51:02 Elite Varangian Guard
DSLG bolbie
1:32 Loom
5:14 Loom
11:49 Feudal Age
15:44 Castle Age
20:25 Imperial Age
17:53 Double-Bit Axe
19:00 Loom
19:00 Horse Collar
19:27 Gold Mining
41:27 Bow Saw
46:57 Padded Archer Armor
49:41 Wheelbarrow
48:51 Town Watch
51:56 Hand Cart
u2roOck
10:22 Feudal Age
16:07 Castle Age
15:09 Double-Bit Axe
18:02 Bloodlines
21:20 Husbandry
22:07 Padded Archer Armor
25:06 Wheelbarrow
27:04 Fortified Wall
27:33 Bow Saw
28:58 Hand Cart
30:31 Leather Archer Armor
34:59 Imperial Age
35:34 Scale Barding Armor
35:39 Forging
36:07 Conscription
36:08 Cavalier
37:11 Chain Barding Armor
38:22 Two-Man Saw
37:06 Horse Collar
40:21 Plate Barding Armor
40:22 Iron Casting
41:31 Chemistry
40:27 Murder Holes
40:53 Ballistics
41:54 Paladin
45:23 Heavy Plow
47:09 Blast Furnace
LORIAN
10:10 Feudal Age
8:30 Loom
10:39 Double-Bit Axe
10:36 Horse Collar
10:49 Gold Mining
18:15 Castle Age
16:55 Stone Mining
19:38 Bow Saw
19:31 Heavy Plow
23:16 Fortified Wall
24:58 Murder Holes
27:19 Gold Shaft Mining
27:23 Stone Shaft Mining
34:57 Gold Shaft Mining
37:38 Fletching
39:29 Wheelbarrow
43:46 Imperial Age
41:40 Hand Cart
41:30 Padded Archer Armor
41:21 Fletching
41:52 Ballistics
45:15 Pikeman
45:46 Elite Mangudai
46:39 Husbandry
46:00 Light Cavalry
47:15 Nomads
48:01 Bloodlines
48:40 Scale Barding Armor
48:46 Forging
48:09 Heavy Camel Rider
51:52 Chain Barding Armor
52:08 Iron Casting
51:33 Scale Mail Armor
53:04 Hussar
59:02 Blast Furnace
58:17 Chain Mail Armor
小桦
10:15 Feudal Age
14:27 Castle Age
12:59 Double-Bit Axe
13:26 Horse Collar
15:02 Wheelbarrow
15:48 Bow Saw
15:40 Heavy Plow
22:14 Hand Cart
23:19 Loom
23:20 Town Watch
24:25 Gold Mining
24:25 Stone Mining
29:07 Imperial Age
27:16 Stone Shaft Mining
27:17 Fletching
27:27 Padded Archer Armor
28:04 Bodkin Arrow
29:41 Ballistics
29:38 Leather Archer Armor
29:33 Elite Jarl
29:34 Gothikon
30:36 Conscription
31:19 Chemistry
30:18 Gothikon
31:00 Bracer
33:05 Ring Archer Armor
33:00 Bloodlines
32:51 Husbandry
33:13 Fortified Wall
33:14 Masonry
34:21 Scale Barding Armor
34:27 Forging
36:20 Coinage
36:51 Chain Barding Armor
37:06 Iron Casting
37:58 Light Cavalry
39:32 Banking
39:41 Plate Barding Armor
39:16 Hussar
40:19 Vendel Legacy
42:37 Iron Casting
47:38 Blast Furnace
47:09 Architecture
51:35 Capped Ram
传奇耐电王汤恩伯
10:23 Feudal Age
13:58 Castle Age
12:45 Double-Bit Axe
22:08 Wheelbarrow
22:10 Bow Saw
23:18 Gold Mining
23:52 Loom
27:48 Imperial Age
25:28 Scale Barding Armor
26:11 Stone Mining
26:54 Chain Barding Armor
27:10 Hand Cart
27:22 Forging
28:48 Gold Shaft Mining
28:53 Husbandry
28:14 Cavalier
29:33 Plate Barding Armor
29:35 Iron Casting
29:23 Chivalry
44:58 Light Cavalry
49:54 Blast Furnace
52:34 Paladin
55:06 Caravan
54:48 Pikeman
55:30 Squires
无花果
7:16 Loom
9:29 Feudal Age
10:04 Gold Mining
10:21 Man-at-Arms
11:11 Double-Bit Axe
11:47 Scale Mail Armor
12:51 Arson
20:16 Castle Age
18:45 Gold Mining
18:38 Horse Collar
19:35 Scale Mail Armor
19:45 Forging
21:30 Bow Saw
22:28 Heavy Plow
25:25 Gold Shaft Mining
26:06 Wheelbarrow
29:36 Imperial Age
27:06 Gambesons
27:21 Squires
27:23 Stone Mining
27:45 Scale Mail Armor
28:03 Forging
28:54 Hand Cart
29:25 Chain Mail Armor
30:07 Iron Casting
30:53 Elite Varangian Guard
32:46 Plate Mail Armor
33:41 Town Watch
36:30 Blast Furnace
36:57 Conscription
36:53 Capped Ram
38:41 Masonry
38:00 Siege Ram
42:14 Stone Shaft Mining
42:59 Northmen's Fury
45:39 Coinage
46:50 Fletching
47:24 Ballistics
47:42 Bodkin Arrow
48:26 Bracer
49:35 Chemistry
51:16 Banking
52:22 Pikeman
53:11 Halberdier
Connection lost

Rejoining the realm…

Still unreachable

The connection could not be restored.

Session expired

The server has moved on; the page needs a fresh start.